APL (24 & UNDER)
NANTUCKET ORCAS @ PENSACOLA PILOTS
09/16/2030
 
TOP OF THE 1ST
Nantucket Orcas batting - Pitching for Pensacola Pilots : RHP Robin Richmond
Pitching: RHP Robin Richmond
Batting: RHB Charlie Pérez 0-0: Ball
1-0: SINGLE (Groundball, 5D)
Batting: RHB Demetrio Inrouville 0-0: Ball
1-0: Ball
2-0: Called Strike
2-1: Called Strike
2-2: Foul Ball, location: 2F
2-2: Ball
3-2: Base on Balls
Charlie Pérez to second
Batting: LHB Eugene Lee 0-0: Ball
Charlie Pérez steals 3rd base
1-0: Called Strike
1-1: Swinging Strike
1-2: Strikes out looking
Batting: SHB Cristián Salazar 0-0: Called Strike
0-1: Ball
1-1: Foul Ball, location: 2F
1-2: Foul Ball, location: 2F
1-2: Ball
2-2: Strikes out swinging
Batting: RHB Matt Dundee 0-0: Foul Ball, location: 2F
0-1: Swinging Strike
0-2: Ball
1-2: Foul Ball, location: 2F
1-2: Foul Ball, location: 2F
1-2: Ball
2-2: Fielders Choice at 2nd, 5-4 (Groundball, 5)
Top of the 1st over - 0 runs, 1 hit, 0 errors, 2 left on base; Nantucket 0 - Pensacola 0
BOTTOM OF THE 1ST
Pensacola Pilots batting - Pitching for Nantucket Orcas : RHP Terry Leroux
Pitching: RHP Terry Leroux
Batting: SHB Jack Hendrix 0-0: Swinging Strike
0-1: Ball
1-1: Called Strike
1-2: Strikes out looking
Batting: SHB Carlos González 0-0: SINGLE (Flyball, 89M)
Batting: LHB Preston Hamilton 0-0: SINGLE (Groundball, 34) (infield hit)
Carlos González to second
Batting: RHB Timothy Foster 0-0: Ball
1-0: Ground out 4-3 (Groundball, 34D)
Carlos González to third
Preston Hamilton to second
Batting: LHB Carlos Músquez 0-0: Called Strike
0-1: Foul Ball, location: 2F
0-2: Strikes out swinging
Bottom of the 1st over - 0 runs, 2 hits, 0 errors, 2 left on base; Nantucket 0 - Pensacola 0
TOP OF THE 2ND
Nantucket Orcas batting - Pitching for Pensacola Pilots : RHP Robin Richmond
Batting: LHB Alfonso Vélez 0-0: Foul Ball, location: 2F
0-1: Ball
1-1: Ball
2-1: Ground out 6-3 (Groundball, 6)
Batting: RHB Armando Hernández 0-0: Ball
1-0: Swinging Strike
1-1: Ball
2-1: Foul Ball, location: 2F
2-2: Ball
3-2: Foul Ball, location: 2F
3-2: Base on Balls
Batting: RHB Curt O'Brian 0-0: Fly out, F9 (Line Drive, 9D)
Batting: RHB Luis Cruz 0-0: Called Strike
0-1: Fly out, F7 (Flyball, 78S)
Top of the 2nd over - 0 runs, 0 hits, 0 errors, 1 left on base; Nantucket 0 - Pensacola 0
BOTTOM OF THE 2ND
Pensacola Pilots batting - Pitching for Nantucket Orcas : RHP Terry Leroux
Batting: RHB José Ramos 0-0: Ball
1-0: Fly out, F8 (Flyball, 8RM)
Batting: RHB John Hall 0-0: Swinging Strike
0-1: Foul Ball, location: 2F
0-2: Ball
1-2: SOLO HOME RUN (Flyball, 7D), Distance : 410 ft
Batting: RHB Felipe Hernández 0-0: Foul Ball, location: 2F
0-1: Swinging Strike
0-2: Foul Ball, location: 2F
0-2: Strikes out swinging
Batting: RHB George Martin 0-0: Ball
1-0: Foul Ball, location: 2F
1-1: Foul Ball, location: 2F
1-2: Ball
2-2: Ball
3-2: Foul Ball, location: 2F
3-2: Foul Ball, location: 2F
3-2: Foul Ball, location: 2F
3-2: Base on Balls
Batting: SHB Jack Hendrix 0-0: Swinging Strike
0-1: Ball
1-1: Ball
2-1: Ball
3-1: Base on Balls
George Martin to second
Batting: SHB Carlos González 0-0: Ball
1-0: Called Strike
1-1: Foul Ball, location: 2F
1-2: Ball
2-2: Foul Ball, location: 2F
2-2: Foul Ball, location: 2F
2-2: Foul Ball, location: 2F
2-2: Foul Ball, location: 2F
2-2: Ball
3-2: Foul Ball, location: 2F
3-2: Base on Balls
George Martin to third
Jack Hendrix to second
Batting: LHB Preston Hamilton 0-0: Ball
1-0: Called Strike
1-1: Foul Ball, location: 2F
1-2: Foul Ball, location: 2F
1-2: Ball
2-2: Fly out, F7 (Flyball, 7S)
Bottom of the 2nd over - 1 run, 1 hit, 0 errors, 3 left on base; Nantucket 0 - Pensacola 1
TOP OF THE 3RD
Nantucket Orcas batting - Pitching for Pensacola Pilots : RHP Robin Richmond
Batting: RHB Charlie Pérez 0-0: Called Strike
0-1: Foul Ball, location: 2F
0-2: Strikes out swinging
Batting: RHB Demetrio Inrouville 0-0: Called Strike
0-1: Foul Ball, location: 2F
0-2: Strikes out looking
Batting: LHB Eugene Lee 0-0: Ball
1-0: Ball
2-0: Called Strike
2-1: Foul Ball, location: 2F
2-2: Fly out, F9 (Flyball, 89S)
Top of the 3rd over - 0 runs, 0 hits, 0 errors, 0 left on base; Nantucket 0 - Pensacola 1
BOTTOM OF THE 3RD
Pensacola Pilots batting - Pitching for Nantucket Orcas : RHP Terry Leroux
Batting: RHB Timothy Foster 0-0: Ball
1-0: Called Strike
1-1: Swinging Strike
1-2: Strikes out looking
Batting: LHB Carlos Músquez 0-0: Called Strike
0-1: Ball
1-1: Foul Ball, location: 2F
1-2: Foul Ball, location: 2F
1-2: Fly out, F4 (Popup, 4M)
Batting: RHB José Ramos 0-0: SINGLE (Line Drive, 6)
Batting: RHB John Hall 0-0: Fielders Choice at 2nd, 6-4 (Groundball, 6)
Bottom of the 3rd over - 0 runs, 1 hit, 0 errors, 1 left on base; Nantucket 0 - Pensacola 1
TOP OF THE 4TH
Nantucket Orcas batting - Pitching for Pensacola Pilots : RHP Robin Richmond
Batting: SHB Cristián Salazar 0-0: Called Strike
0-1: Ground out 4-3 (Groundball, 4M)
Batting: RHB Matt Dundee 0-0: Called Strike
0-1: Ball
1-1: Ball
2-1: Ball
3-1: Base on Balls
Batting: LHB Alfonso Vélez 0-0: Fly out, F7 (Line Drive, 78D)
Batting: RHB Armando Hernández 0-0: Ball
1-0: Ground out U3 (Groundball, 34S)
Top of the 4th over - 0 runs, 0 hits, 0 errors, 1 left on base; Nantucket 0 - Pensacola 1
BOTTOM OF THE 4TH
Pensacola Pilots batting - Pitching for Nantucket Orcas : RHP Terry Leroux
Batting: RHB Felipe Hernández 0-0: Called Strike
0-1: Swinging Strike
0-2: Fly out, F8 (Flyball, 78M)
Batting: RHB George Martin 0-0: Ball
1-0: Called Strike
1-1: Ball
2-1: Ball
3-1: Base on Balls
Batting: SHB Jack Hendrix 0-0: Ball
1-0: Fly out, F8 (Flyball, 8LD)
Batting: SHB Carlos González 0-0: Fly out, F8 (Flyball, 8RM)
Bottom of the 4th over - 0 runs, 0 hits, 0 errors, 1 left on base; Nantucket 0 - Pensacola 1
TOP OF THE 5TH
Nantucket Orcas batting - Pitching for Pensacola Pilots : RHP Robin Richmond
Batting: RHB Curt O'Brian 0-0: Ball
1-0: Foul Ball, location: 2F
1-1: Foul Ball, location: 2F
1-2: Ground out U3 (Groundball, 34S)
Batting: RHB Luis Cruz 0-0: Ball
1-0: Fly out, F4 (Popup, 34S)
Batting: RHB Charlie Pérez 0-0: Ground out 6-3 (Groundball, 6)
Top of the 5th over - 0 runs, 0 hits, 0 errors, 0 left on base; Nantucket 0 - Pensacola 1
BOTTOM OF THE 5TH
Pensacola Pilots batting - Pitching for Nantucket Orcas : RHP Terry Leroux
Batting: LHB Preston Hamilton 0-0: Ball
1-0: Foul Ball, location: 2F
1-1: Ball
2-1: Foul Ball, location: 2F
2-2: Strikes out swinging
Batting: RHB Timothy Foster 0-0: Foul Ball, location: 2F
0-1: Ball
1-1: SINGLE (Groundball, 25) (infield hit)
Pitching: RHP Gerard Pérez
Batting: LHB Carlos Músquez 0-0: Ball
1-0: Swinging Strike
1-1: Called Strike
1-2: Foul Ball, location: 2F
1-2: Ball
2-2: Ball
3-2: Base on Balls
Timothy Foster to second
Batting: RHB José Ramos 0-0: Ball
1-0: Fly out, F7 (Line Drive, 78D)
Batting: RHB John Hall 0-0: Ball
1-0: Foul Ball, location: 2F
1-1: Foul Ball, location: 2F
1-2: SINGLE (Flyball, 9LS)
Timothy Foster to third
Carlos Músquez to second
Runner from 3rd tries for Home, SAFE, no throw
Batting: RHB Felipe Hernández 0-0: Fly out, F6 (Popup, 56D)
Bottom of the 5th over - 1 run, 2 hits, 0 errors, 2 left on base; Nantucket 0 - Pensacola 2
TOP OF THE 6TH
Nantucket Orcas batting - Pitching for Pensacola Pilots : RHP Robin Richmond
Batting: RHB Demetrio Inrouville 0-0: Ball
1-0: Ball
2-0: DOUBLE (Line Drive, 89D)
Batting: LHB Eugene Lee 0-0: Fly out, F8 (Flyball, 8LXD)
Runner from 2nd tags up, SAFE at 3rd, no throw
Batting: SHB Cristián Salazar 0-0: Ball
1-0: Ball
2-0: Ball
3-0: Base on Balls
Batting: RHB Matt Dundee 0-0: Ball
1-0: Called Strike
1-1: Called Strike
1-2: Ground out 5-3 (Groundball, 56S)
Cristián Salazar to second
Batting: LHB Alfonso Vélez 0-0: SINGLE (Groundball, 34D)
Demetrio Inrouville scores
Cristián Salazar to third
Runner from 3rd tries for Home, SAFE, no throw
Batting: RHB Armando Hernández 0-0: Ball
1-0: Called Strike
1-1: Ball
2-1: Called Strike
2-2: Ball
3-2: Fly out, F5 (Line Drive, 5)
Top of the 6th over - 2 runs, 2 hits, 0 errors, 1 left on base; Nantucket 2 - Pensacola 2
BOTTOM OF THE 6TH
Pensacola Pilots batting - Pitching for Nantucket Orcas : RHP Gerard Pérez
Batting: RHB George Martin 0-0: Called Strike
0-1: Ball
1-1: Swinging Strike
1-2: Strikes out swinging
Batting: SHB Jack Hendrix 0-0: Ball
1-0: Ball
2-0: Foul Ball, location: 2F
2-1: Foul Ball, location: 2F
2-2: Fly out, F9 (Line Drive, 9LD)
Batting: SHB Carlos González 0-0: Ball
1-0: Ball
2-0: Ground out 4-3 (Groundball, 4)
Bottom of the 6th over - 0 runs, 0 hits, 0 errors, 0 left on base; Nantucket 2 - Pensacola 2
TOP OF THE 7TH
Nantucket Orcas batting - Pitching for Pensacola Pilots : RHP Robin Richmond
Batting: RHB Curt O'Brian 0-0: Ball
1-0: Called Strike
1-1: Ball
2-1: Ball
3-1: Base on Balls
Pinch Hitting: RHB Juan Gómez 0-0: Ball
1-0: Bunted foul
1-1: Sac Bunt - play at first, batter OUT! 2-4
Curt O'Brian to second
Batting: RHB Charlie Pérez 0-0: Intentional Walk
Pinch Hitting: LHB Steve Blankenship 0-0: Called Strike
0-1: Swinging Strike
0-2: SINGLE (Flyball, 9LS)
Curt O'Brian to third
Charlie Pérez to second
Runner from 3rd tries for Home, SAFE, no throw
Batting: LHB Eugene Lee 0-0: Ball
1-0: Ball
2-0: Foul Ball, location: 2F
2-1: Fly out, F4 (Flyball, 4MD)
Pinch Hitting: LHB Otis Campbell 0-0: Ball
1-0: Called Strike
1-1: Foul Ball, location: 2F
1-2: Ball
2-2: SINGLE (Groundball, 56D)
Charlie Pérez to third
Steve Blankenship to second
Runner from 3rd tries for Home, SAFE, no throw
Pitching: RHP Michael Clay
Batting: RHB Matt Dundee 0-0: Ball
1-0: Called Strike
1-1: Ball
2-1: Foul Ball, location: 2F
2-2: Ball
3-2: Fly out, F7 (Flyball, 78S)
Top of the 7th over - 2 runs, 2 hits, 0 errors, 2 left on base; Nantucket 4 - Pensacola 2
BOTTOM OF THE 7TH
Pensacola Pilots batting - Pitching for Nantucket Orcas : RHP Gerard Pérez
Now at 1B: Steve Blankenship
Now at 3B: Ricardo Ontiveros
Now at SS: Hunter Hudson
Batting: LHB Preston Hamilton 0-0: Foul Ball, location: 2F
0-1: Foul Ball, location: 2F
0-2: Foul Ball, location: 2F
0-2: Foul Ball, location: 2F
0-2: Ball
1-2: Foul Ball, location: 2F
1-2: Ball
2-2: Ground out U3 (Groundball, 34S)
Batting: RHB Timothy Foster 0-0: Ball
1-0: Ball
2-0: Ground out 1-3 (Groundball, 13S)
Batting: LHB Carlos Músquez 0-0: Called Strike
0-1: Called Strike
0-2: Foul Ball, location: 2F
0-2: Ball
1-2: Ball
2-2: Ball
3-2: Fly out, F9 (Flyball, 89D)
Bottom of the 7th over - 0 runs, 0 hits, 0 errors, 0 left on base; Nantucket 4 - Pensacola 2
TOP OF THE 8TH
Nantucket Orcas batting - Pitching for Pensacola Pilots : RHP Michael Clay
Batting: LHB Alfonso Vélez 0-0: Called Strike
0-1: Called Strike
0-2: Strikes out swinging
Batting: RHB Armando Hernández 0-0: Ball
1-0: Ball
2-0: Foul Ball, location: 2F
2-1: DOUBLE (Line Drive, 89M)
Batting: RHB Curt O'Brian 0-0: Intentional Walk
Batting: RHB Hunter Hudson 0-0: Ball
1-0: Ball
2-0: Ball
3-0: Base on Balls
Armando Hernández to third
Curt O'Brian to second
Batting: RHB Charlie Pérez 0-0: Swinging Strike
0-1: Foul Ball, location: 2F
0-2: SINGLE (Line Drive, 78S)
Armando Hernández scores
Curt O'Brian to third
Hunter Hudson to second
Batting: LHB Steve Blankenship 0-0: Foul Ball, location: 2F
0-1: SINGLE (Groundball, 34D)
Curt O'Brian scores
Hunter Hudson to third
Charlie Pérez to second
Runner from 3rd tries for Home, SAFE, no throw
Batting: LHB Eugene Lee 0-0: Ball
1-0: Foul Ball, location: 2F
1-1: Ball
2-1: Called Strike
2-2: Ball
3-2: Strikes out swinging
Batting: RHB Ricardo Ontiveros 0-0: Foul Ball, location: 2F
0-1: Ball
1-1: Ball
2-1: Fly out, F9 (Flyball, 89S)
Top of the 8th over - 3 runs, 3 hits, 0 errors, 2 left on base; Nantucket 7 - Pensacola 2
BOTTOM OF THE 8TH
Pensacola Pilots batting - Pitching for Nantucket Orcas : RHP Gerard Pérez
Batting: RHB José Ramos 0-0: Ball
1-0: Ball
2-0: Foul Ball, location: 2F
2-1: Called Strike
2-2: Fly out, F5 (Popup, 5S)
Batting: RHB John Hall 0-0: Foul Ball, location: 2F
0-1: Fly out, F9 (Flyball, 89M)
Batting: RHB Felipe Hernández 0-0: Called Strike
0-1: Fly out, F9 (Flyball, 9S)
Bottom of the 8th over - 0 runs, 0 hits, 0 errors, 0 left on base; Nantucket 7 - Pensacola 2
TOP OF THE 9TH
Nantucket Orcas batting - Pitching for Pensacola Pilots : RHP Michael Clay
Batting: RHB Matt Dundee 0-0: Called Strike
0-1: Swinging Strike
0-2: Foul Ball, location: 2F
0-2: Ball
1-2: Strikes out swinging
Batting: LHB Alfonso Vélez 0-0: Ball
1-0: Foul Ball, location: 2F
1-1: Ball
2-1: Called Strike
2-2: Fly out, F7 (Line Drive, 78S)
Batting: RHB Armando Hernández 0-0: Ball
1-0: SINGLE (Groundball, 56D)
Batting: RHB Curt O'Brian 0-0: Foul Ball, location: 2F
0-1: Fielders Choice at 2nd, 6-4 (Groundball, 6)
Top of the 9th over - 0 runs, 1 hit, 0 errors, 1 left on base; Nantucket 7 - Pensacola 2
BOTTOM OF THE 9TH
Pensacola Pilots batting - Pitching for Nantucket Orcas : RHP Gerard Pérez
Batting: RHB George Martin 0-0: Called Strike
0-1: Swinging Strike
0-2: Ball
1-2: TRIPLE (Line Drive, 89XD)
Pitching: LHP Lopes Ambar
Batting: SHB Jack Hendrix 0-0: SINGLE (Groundball, 4MD)
George Martin scores
Batting: SHB Carlos González 0-0: Ball
1-0: Ball
2-0: Ball
3-0: Called Strike
3-1: Fly out, F6 (Line Drive, 6M)
Batting: LHB Preston Hamilton 0-0: Ball
1-0: Ball
2-0: Ball
3-0: Base on Balls
Jack Hendrix to second
Batting: RHB Timothy Foster 0-0: Called Strike
0-1: Ball
1-1: Foul Ball, location: 2F
1-2: Ball
2-2: Grounds into double play, 4-6-3 (Groundball, 4)
Bottom of the 9th over - 1 run, 2 hits, 0 errors, 1 left on base; Nantucket 7 - Pensacola 3
Saturday, April 7th, 2018 - OOTP Baseball 18.8 Build 76